Description

Very easy & safe opening for the protoss vs protoss matchup

This opening should keep you safe from any all in. You get access to a quick stalker and a quick sentry. The sentry will allow you to hallucinate a phoenix to check what your opponent is up to & you will have 3 stalkers + 1 sentry by the time they arrive at your base with their first 2 stalkers. Make sure to check out my other video where I play vs one base all ins in pvp 16 TIMES IN A ROW to make sure you'll never die again :)

https://www.youtube.com/watch?v=Qfgy6uw65uQ

VOD

https://www.youtube.com/watch?v=PD6PYQBfF6Q

Replay - A.I. 1 (Very Easy) v HuShang - Jagannatha LE

Build Order

Get SALT Encoding   

  14  0:17  Pylon  
  16  0:38  Gateway  
  17  0:51  Assimilator  
  18  1:07  Assimilator  
  19  1:10  Gateway  
  21  1:25  Cybernetics Core  
  22  1:31  Pylon  
  24  2:03  Sentry, Stalker  
  28  2:10  Warp Gate  
  28  2:13  Pylon  
  28  2:29  Stalker x2  
  32  2:44  Nexus  
  33  2:55  Pylon  
  39  3:17  Shield Battery  
  36  3:07  Sentry  
Spawning Tool Build Advisor. Get it on Overwolf

Go to:

Details

  • Created by: hushang      
  • Published on: Jan 09, 2021
  • Modified on: Jan 24, 2021
  • Patch: 4.11.0
  • Difficulty: Easy
Show
View Real Time Build Order
Export as new Build Order

Comments (0)

There are no comments. Be the first!

Create an account to comment!